 Dungeon Sprint DCSS version 0.19-a0-1384-gbb462ca (webtiles) character file.

72823 poirepourri the Shatterer (level 15, -1/119 HPs)
             Began as a Gargoyle Fighter on Sept 3, 2016.
             Was an Elder of Cheibriados.
             Slain by poirepourri's illusion (12 damage)
             ... woven by Mara
             ... in the Dungeon (Sprint IX: "|||||||||||||||||||||||||||||").
             The game lasted 00:12:41 (4576 turns).

poirepourri the Shatterer (Gargoyle Fighter)        Turns: 4576, Time: 00:12:44

Health: -1/119     AC: 29    Str: 31    XL:     15   Next: 41%
Magic:  11/25      EV: 29    Int: 19    God:    Cheibriados [****..]
Gold:   764        SH: 20    Dex: 35    Spells: 0 memorised, 14 levels left

rFire  . . .     SeeInvis .     u - +4 morningstar (crush)
rCold  + . .     Gourm    .     B - +0 scale mail of the Turtle {*Contam rElec rC+ Dex+6}
rNeg   + . .     Faith    .     c - +2 shield
rPois  ∞         Spirit   .     G - +2 helmet of Liberty {rPois Dex+5 Slay+3}
rElec  +         Dismiss  .     y - +2 cloak
rCorr  .         Reflect  .     (no gloves)
MR     +....     Harm     .     p - +1 pair of boots
Stlth  +......... NoTele   +    (no amulet)
                                s - +3 ring of dexterity
                                r - +2 ring of evasion

@: very slow
A: big wings, negative energy resistance 1, electricity resistance, unbreathing,
petrification resistance, rot immunity, AC +11
a: Fly, Bend Time, Temporal Distortion, Slouch, Renounce Religion


You were in the Dungeon.
You worshipped Cheibriados.
Cheibriados was greatly pleased with you.
You were very full.

You visited 1 branch You collected 1927 gold pieces.
You spent 1163 gold pieces at shops.

Inventory:

Hand Weapons
 a - a +0 flail
 u - a +4 morningstar of crushing (weapon)
Missiles
 I - 32 stones (quivered)
Armour
 b - a +0 scale mail
 c - a +2 shield (worn)
 p - a +1 pair of boots (worn)
 q - a +1 helmet
 t - a +0 plate armour
 y - a +2 cloak (worn)
 A - the -2 shield of Untold Secrets {rPois rC+ Str-2 Dex+3}
   (You bought it in a shop in the Dungeon)

   It affects your strength (-2).
   It affects your dexterity (+3).
   It protects you from cold.
   It protects you from poison.
 B - the +0 scale mail of the Turtle (worn) {*Contam rElec rC+ Dex+6}
   (You bought it in a shop in the Dungeon)

   It affects your dexterity (+6).
   It protects you from cold.
   It insulates you from electricity.
   It causes magical contamination when unequipped.
 F - a +0 cloak of poison resistance
 G - the +2 helmet of Liberty (worn) {rPois Dex+5 Slay+3}
   (You found it in the Dungeon)

   It affects your dexterity (+5).
   It affects your accuracy and damage with ranged weapons and melee attacks
   (+3).
   It protects you from poison.
Jewellery
 g - the ring "Nirewkup" {rC+ MP+9}
   (You bought it in a shop in the Dungeon)

   [ring of magical power]

   It protects you from cold.
   It affects your magic capacity (+9).
 r - a +2 ring of evasion (left hand)
 s - a +3 ring of dexterity (right hand)
 E - an uncursed ring of see invisible
Wands
 o - a wand of acid (7/15)
Scrolls
 j - 2 scrolls of fog
 m - 2 scrolls of remove curse
 n - 2 scrolls of amnesia
Potions
 d - 5 potions of cure mutation
 h - 2 potions of brilliance
 i - 3 potions of magic
 z - a potion of flight
Comestibles
 f - 13 bread rations
 w - 39 fruits
 x - 12 meat rations


   Skills:
 + Level 23.1 Fighting
 + Level 23.4 Maces & Flails
 + Level 2.4 Throwing
 + Level 10.5 Armour
 + Level 13.9 Dodging
 + Level 17.2 Shields
 + Level 13.5 Invocations


You had 14 spell levels left.
You didn't know any spells.

Dungeon Overview and Level Annotations

Branches:
Dungeon (1/1)

Altars:
Cheibriados
Dithmenos
Elyvilon
Fedhas
Gozag
Hepliaklqana
Kikubaaqudgha
Makhleb
Nemelex Xobeh
Okawaru
Qazlal
Ru
Sif Muna
Trog
Uskayaw
Vehumet
Xom
Yredelemnul
Zin
The Shining One
Beogh
Jiyva
Lugonu

Shops:
D [(*%

Annotations:
D Mara


Innate Abilities, Weirdness & Mutations

You are resistant to torment.
Your stone body is resilient. (AC +11)
You are immune to poison.
Your large and strong wings let you fly indefinitely.
You resist negative energy. (rN+)
You are resistant to electric shocks. (rElec)
You can survive without breathing.
You are immune to petrification.
You are immune to rotting.


Message History

You can feel time thicken for a moment.
You feel somewhat less full.
Cheibriados lowers the support of your attributes as your movement quickens.
Something hits you!
* * * LOW HITPOINT WARNING * * *
x2 Mara blinks!
Unknown command.
Unknown command.
You can feel time thicken for a moment.
You feel somewhat less full.
You can no longer step out of the time flow.
Cheibriados lowers the support of your attributes as your movement quickens.
Mara blinks!
Something misses you.
Unknown command.
Okay, then.
It was a potion of cancellation.
Your magical effects are unravelling.
Your magical contamination has completely faded away.
You feel magically purged.
You flicker back into view.
Your resistance to elements expires.
Mara blinks!
Something hits you!
You die...

.................................
♣♣♣▓▓▓▓▓▓▓▓▓▓▓▓▓▓▓▓▓▓▓▓▓▓▓▓▓▓▓▓▓▓
..^'.....).))'÷.......('(†.)))...
♣♣♣▓▓▓▓▓▓▓▓▓▓▓▓▓▓▓▓▓▓▓▓▓▓▓▓▓▓▓▓▓▓
..............)...)..............
▓▓▓▓▓▓▓▓▓▓▓▓▓▓▓▓▓▓▓▓▓▓▓▓▓▓▓▓▓▓▓▓▓
.)..........))()(†())............
▓▓▓▓▓▓▓▓▓▓▓▓▓▓▓▓▓▓▓▓▓▓▓▓▓▓▓▓▓▓▓▓▓
R..§...@{...R.R.....)...
▓▓▓▓▓▓▓▓▓▓▓▓▓▓▓▓▓▓▓▓▓▓▓▓


You could see 3 Maras.

Vanquished Creatures
  Boris (D)
  Frederick (D)
  A sphinx (D)
  Agnes (D)
  Donald (D)
  2 frost giants (D)
  A fire giant (D)
  4 stone giants (D)
  2 ironheart preservers (D)
  A spark wasp (D)
  A fire dragon (D)
  2 merfolk impalers (D)
  An ettin (D)
  4 ice dragons (D)
  A rakshasa (D)
  A naga warrior (D)
  2 hydras (D)
  An anaconda (D)
  A merfolk avatar (D)
  A catoblepas (D)
  6 centaur warriors (D)
  An alligator (D)
  2 deep troll earth magi (D)
  2 ogre magi (D)
  A merfolk aquamancer (D)
  5 death yaks (D)
  5 orc high priests (D)
  A naga sharpshooter (D)
  2 tengu warriors (D)
  Sonja (D)
  A hell knight (D)
  A sea snake (D)
  A flayed ghost (D)
  2 wizards (D)
  A naga ritualist (D)
  2 ironbrand convokers (D)
  13 orc knights (D)
  A mana viper (D)
  An ugly thing (D)
  A griffon (D)
  3 wolf spiders (D)
  A cyclops (D)
  2 vault sentinels (D)
  A guardian serpent (D)
  Joseph (D)
  A guardian serpent (shapeshifter) (D)
  A naga mage (D)
  3 black mambas (D)
  An elephant (D)
  Psyche (D)
  3 spiny frogs (D)
  2 demonic crawlers (D)
  A freezing wraith (D)
  A komodo dragon (shapeshifter) (D)
  A merfolk (D)
  3 tengu conjurers (D)
  A polar bear (D)
  4 giant leeches (D)
  A jumping spider (D)
  A troll (D)
  2 two-headed ogres (D)
  A boulder beetle (D)
  A slime creature (D)
  A water elemental (D)
  A shadow (D)
  A snapping turtle (D)
  2 tarantellas (D)
  4 yaks (D)
  A wyvern (D)
  A hippogriff (D)
  A vampire mosquito (D)
  An insubstantial wisp (D)
  A naga (shapeshifter) (D)
  2 water moccasins (D)
  10 orc warriors (D)
  A swamp drake (D)
  A sky beast (D)
  A boggart (D)
  4 crocodiles (D)
  4 giant frogs (D)
  A crimson imp (D)
  3 orc priests (D)
  An orc wizard (D)
  An adder (D)
  2 shadow imps (D)
  An adder skeleton (D)
  A worm (D)
  A giant gecko (D)
  8 orcs (D)
  A giant cockroach (D)
  A goblin (D)
  2 hobgoblins (D)
  A jackal (D)
  A bat simulacrum (D)
  A giant newt (D)
180 creatures vanquished.

Vanquished Creatures (others)
  A spiny frog (D)
  2 giant frogs (D)
3 creatures vanquished.

Grand Total: 183 creatures vanquished

Notes
Turn   | Place    | Note
-------+----------+-------------------------------------------
     0 | D        | poirepourri the Gargoyle Fighter began the quest for the Orb.
     0 | D        | Reached XP level 1. HP: 14/14 MP: 1/1
    26 | D        | Reached XP level 2. HP: 19/20 MP: 2/2
    47 | D        | Reached skill level 5 in Fighting
    48 | D        | Reached skill level 1 in Dodging
    59 | D        | Reached XP level 3. HP: 22/27 MP: 3/3
    70 | D        | Found a roughly hewn altar of Beogh.
    70 | D        | Found a snail-covered altar of Cheibriados.
    70 | D        | Found a shadowy altar of Dithmenos.
    70 | D        | Found a white marble altar of Elyvilon.
    70 | D        | Found a blossoming altar of Fedhas.
    70 | D        | Found an opulent altar of Gozag.
    71 | D        | Found a hazy altar of Hepliaklqana.
    72 | D        | Found a viscous altar of Jiyva.
    73 | D        | Found an ancient bone altar of Kikubaaqudgha.
    74 | D        | Found a corrupted altar of Lugonu.
    75 | D        | Found a burning altar of Makhleb.
    76 | D        | Found a sparkling altar of Nemelex Xobeh.
    77 | D        | Found an iron altar of Okawaru.
    82 | D        | Became a worshipper of Cheibriados the Contemplative
   136 | D        | Found a stormy altar of Qazlal.
   137 | D        | Found a sacrificial altar of Ru.
   138 | D        | Found a deep blue altar of Sif Muna.
   139 | D        | Found a bloodstained altar of Trog.
   140 | D        | Found a hide-covered altar of Uskayaw.
   141 | D        | Found a radiant altar of Vehumet.
   142 | D        | Found a shimmering altar of Xom.
   143 | D        | Found a basalt altar of Yredelemnul.
   144 | D        | Found a glowing silver altar of Zin.
   145 | D        | Found a glowing golden altar of the Shining One.
   219 | D        | Noticed a sky beast
   219 | D        | Noticed a two-headed ogre
   219 | D        | Noticed a giant frog
   219 | D        | Noticed a giant frog
   228 | D        | Killed a sky beast
   228 | D        | Reached skill level 5 in Maces & Flails
   228 | D        | Reached XP level 4. HP: 25/35 MP: 4/4
   228 | D        | Reached XP level 5. HP: 28/39 MP: 5/5
   230 | D        | Killed a two-headed ogre
   230 | D        | Reached skill level 10 in Fighting
   230 | D        | Reached skill level 5 in Dodging
   230 | D        | Reached XP level 6. HP: 33/48 MP: 6/6
   232 | D        | Reached * piety under Cheibriados
   239 | D        | Reached ** piety under Cheibriados
   239 | D        | Reached XP level 7. HP: 29/54 MP: 7/7
   379 | D        | Noticed a troll
   379 | D        | Noticed a catoblepas
   379 | D        | Noticed a wyvern
   379 | D        | Noticed a vampire mosquito
   391 | D        | Killed a catoblepas
   391 | D        | Reached XP level 8. HP: 32/63 MP: 8/8
   393 | D        | Killed a troll
   393 | D        | Reached *** piety under Cheibriados
   393 | D        | Reached skill level 10 in Maces & Flails
   395 | D        | Killed a wyvern
   396 | D        | Reached **** piety under Cheibriados
   402 | D        | Reached XP level 9. HP: 36/69 MP: 9/9
   677 | D        | Noticed a spiny frog
   677 | D        | Noticed a black mamba
   677 | D        | Noticed a spiny frog
   685 | D        | Killed a spiny frog
   685 | D        | Reached ***** piety under Cheibriados
   689 | D        | Noticed a polar bear
   695 | D        | Killed a black mamba
   695 | D        | Reached skill level 15 in Fighting
   700 | D        | Killed a spiny frog
   702 | D        | Reached ****** piety under Cheibriados
   706 | D        | Killed a polar bear
   706 | D        | Reached XP level 10. HP: 54/78 MP: 10/10
   783 | D        | Noticed an elephant
   783 | D        | Noticed a spiny frog
   784 | D        | Noticed a five-headed hydra
   789 | D        | Killed an elephant
   790 | D        | Killed a spiny frog
   796 | D        | Killed a five-headed hydra
   796 | D        | Reached skill level 10 in Dodging
   861 | D        | Noticed a death yak
   861 | D        | Noticed a death yak
   861 | D        | Noticed a death yak
   861 | D        | Noticed a death yak
   866 | D        | Noticed a death yak
   867 | D        | Killed a death yak
   878 | D        | Killed a death yak
   878 | D        | Reached skill level 15 in Maces & Flails
   878 | D        | Reached skill level 1 in Invocations
   878 | D        | Reached XP level 11. HP: 61/85 MP: 0/12
   880 | D        | Killed a death yak
   881 | D        | Killed a death yak
   887 | D        | Killed a death yak
  1132 | D        | Noticed Joseph
  1151 | D        | Killed Joseph
  1286 | D        | Noticed Psyche
  1289 | D        | Killed Psyche
  1300 | D        | Noticed Sonja
  1310 | D        | Killed Sonja
  1413 | D        | Noticed an orc knight
  1423 | D        | Killed an orc knight
  1435 | D        | Reached skill level 5 in Invocations
  1530 | D        | Noticed an orc high priest
  1537 | D        | Noticed an orc knight
  1540 | D        | Noticed an orc knight
  1542 | D        | Killed an orc high priest
  1548 | D        | Killed an orc knight
  1553 | D        | Killed an orc knight
  1760 | D        | Found Fuotasy's Antique Armour Emporium.
  1760 | D        | Noticed an orc high priest
  1760 | D        | Noticed an orc high priest
  1760 | D        | Noticed an orc knight
  1760 | D        | Noticed an orc knight
  1760 | D        | Noticed an orc knight
  1762 | D        | Noticed a sixfirhy
  1762 | D        | Noticed an orc high priest
  1763 | D        | Killed an orc high priest
  1763 | D        | Reached XP level 12. HP: 95/95 MP: 17/17
  1773 | D        | Killed an orc high priest
  1794 | D        | Reached skill level 5 in Shields
  1802 | D        | Killed an orc high priest
  1808 | D        | Found Fonoh's Antique Weapon Shoppe.
  1817 | D        | Reached skill level 5 in Armour
  1818 | D        | Found Icsyamn's General Store.
  1831 | D        | Found Gus Nac's Food Shoppe.
  1834 | D        | Bought a heavily runed shield for 199 gold pieces
  1834 | D        | Bought a faintly humming scale mail for 189 gold pieces
  1834 | D        | Noticed an orc high priest
  1845 | D        | Killed an orc high priest
  2073 | D        | Bought the ring "Nirewkup" {rC+ MP+9} for 374 gold pieces
  2083 | D        | Bought a meat ration for 55 gold pieces
  2083 | D        | Bought a slice of pizza for 16 gold pieces
  2083 | D        | Bought a meat ration for 55 gold pieces
  2083 | D        | Bought a meat ration for 55 gold pieces
  2085 | D        | Bought 2 potions of resistance for 220 gold pieces
  2097 | D        | Identified the cursed -2 shield of Untold Secrets {rPois rC+ Str-2 Dex+3} (You bought it in a shop in the Dungeon)
  2108 | D        | Identified the cursed +0 scale mail of the Turtle {*Contam rElec rC+ Dex+6} (You bought it in a shop in the Dungeon)
  2255 | D        | Got the +2 helmet of Liberty {rPois Dex+5 Slay+3}
  2275 | D        | Noticed a centaur warrior
  2277 | D        | Killed a centaur warrior
  2282 | D        | Noticed a centaur warrior
  2284 | D        | Noticed an ogre mage
  2285 | D        | Noticed an ice dragon
  2289 | D        | Killed a centaur warrior
  2290 | D        | Noticed a centaur warrior
  2292 | D        | Killed an ogre mage
  2301 | D        | Killed an ice dragon
  2301 | D        | Reached skill level 10 in Invocations
  2311 | D        | Killed a centaur warrior
  2311 | D        | Reached XP level 13. HP: 102/102 MP: 14/20
  2376 | D        | Noticed an ice dragon
  2377 | D        | Noticed a stone giant
  2392 | D        | Killed an ice dragon
  2406 | D        | Killed a stone giant
  3324 | D        | Noticed a spark wasp
  3338 | D        | Killed a spark wasp
  3346 | D        | Reached skill level 1 in Throwing
  3378 | D        | Reached skill level 10 in Shields
  3611 | D        | Noticed a merfolk impaler
  3611 | D        | Noticed a merfolk impaler
  3640 | D        | Killed a merfolk impaler
  3643 | D        | Killed a merfolk impaler
  3652 | D        | Gained mutation: Your large and strong wings let you fly indefinitely. [Gargoyle growth]
  3652 | D        | Reached XP level 14. HP: 101/110 MP: 16/22
  3746 | D        | Noticed Donald
  3751 | D        | Killed Donald
  3754 | D        | Noticed Agnes
  3768 | D        | Killed Agnes
  3844 | D        | Reached skill level 10 in Armour
  3846 | D        | Noticed a sphinx
  3866 | D        | Noticed a frost giant
  3869 | D        | Noticed a frost giant
  3873 | D        | Noticed a stone giant
  3876 | D        | Killed a sphinx
  3880 | D        | Noticed a stone giant
  3881 | D        | Killed a frost giant
  3881 | D        | Reached skill level 15 in Shields
  3884 | D        | Noticed a fire giant
  3889 | D        | Killed a frost giant
  3894 | D        | Killed a stone giant
  3902 | D        | Killed a stone giant
  4144 | D        | Killed a fire giant
  4289 | D        | Noticed a stone giant
  4303 | D        | Noticed an ironheart preserver
  4311 | D        | Noticed an ironheart preserver
  4324 | D        | Killed a stone giant
  4324 | D        | Reached XP level 15. HP: 117/117 MP: 25/25
  4405 | D        | Noticed Boris
  4423 | D        | Killed Boris
  4439 | D        | Noticed Frederick
  4449 | D        | Killed Frederick
  4490 | D        | Noticed Mara
  4494 | D        | Noticed poirepourri's illusion
  4576 | D        | Slain by poirepourri's illusion

Vault maps used:
D:        linesprint

Skill      XL: |  1  2  3  4  5  6  7  8  9 10 11 12 13 14 15 |
---------------+----------------------------------------------+-----
Fighting       | 4 6 8 10 11 13 14 15 17 19 20 21 22 23 | 23.1
Maces & Flails | 3 5 7 9 10 12 15 17 19 20 22 23 | 23.4
Dodging        | 1 3 5 6 7 8 9 10 11 13 | 13.9
Invocations    | 1 7 10 11 13 | 13.5
Shields        | 7 12 16 17 | 17.2
Armour         | 7 9 10 | 10.5
Throwing       | 1 2 |  2.4

Action                   |  1- 3 |  4- 6 |  7- 9 | 10-12 | 13-15 || total
-------------------------+-------+-------+-------+-------+-------++-------
Melee: Flail             |    45 |       |       |       |       ||    45
       Morningstar       |     9 |    11 |    59 |   217 |   414 ||   710
Throw: Stone             |       |       |       |       |     8 ||     8
Invok: Slouch            |       |       |       |     7 |    16 ||    23
       Bend Time         |       |       |       |     2 |     5 ||     7
  Use: Potion            |       |       |     2 |     4 |    14 ||    20
       Scroll            |       |       |     2 |     2 |    10 ||    14
 Stab: Confused          |       |       |       |       |     9 ||     9
       Invisible         |       |       |       |       |     2 ||     2
  Eat: Meat ration       |       |       |       |     1 |     2 ||     3
       Fruit             |       |       |       |       |     1 ||     1
       Pizza             |       |       |       |       |     1 ||     1
Armor: Scale mail        |    14 |       |       |     7 |    45 ||    66
       Plate armour      |     6 |     6 |    17 |    32 |       ||    61
Dodge: Dodged            |    15 |     5 |    22 |    96 |   250 ||   388
Block: Shield            |    25 |     4 |    27 |    93 |   324 ||   473
